 Dungeon Crawl Stone Soup version 0.31-a0-1074-g0b22e4e0f1 (webtiles) character file.

Game seed: 11382578206977928055

128 BigPumpCobain the Ruffian (level 4, 0/31 HPs)
             Began as a Draconian Shapeshifter on Dec 4, 2023.
             Succumbed to Sigmund's poison
             ... on level 3 of the Dungeon.
             The game lasted 00:02:18 (1916 turns).

BigPumpCobain the Ruffian (Draconian Shapeshifter)  Turns: 1916, Time: 00:02:19

Health: 0/31       AC:  5    Str: 18    XL:     4   Next: 87%
Magic:  4/4        EV: 12    Int: 11    God:
Gold:   81         SH:  0    Dex: 10    Spells: 3/3 levels left

rFire   . .          .
                       - Unarmed
rCold   . . .        (no shield)
rNeg    . . .        (body armour unavailable)
rPois   .            (helmet currently unavailable)
rElec   .            (cloak currently unavailable)
rCorr   .            (gloves currently unavailable)
SInv    .            (boots currently unavailable)
Will    +....        o - amulet of reflection
Stlth   +            (no ring)
HPRegen 0.25/turn    (no ring)
MPRegen 0.09/turn

%: random rage (3%), reflection
@: confused, lethally poisoned (0 -> -15), beast-form, flying
A: beast (slay +2), flying, AC +5, unfitting armour, cold-blooded, big wings,
berserk 1, frail 1, strong-willed 1
a: Begin Untransformation


You were on level 3 of the Dungeon.
You were a hulking beast.
You visited 1 branch of the dungeon, and saw 3 of its levels.

You collected 81 gold pieces.

Inventory:

Jewellery
 i - a ring of magical power
 m - an amulet of faith
 o - an amulet of reflection (around neck)
Talismans
 b - a beast talisman
 c - a flux talisman
Scrolls
 e - 3 scrolls of fog {unknown}
 f - a scroll of amnesia {unknown}
 g - 2 scrolls of immolation
 h - a scroll of summoning {unknown}
 k - a scroll of blinking {unknown}
 l - 7 scrolls of identify {unknown}
 p - a scroll of silence {unknown}
 r - 2 scrolls of torment {unknown}
 s - a scroll of acquirement {unknown}
Potions
 a - a potion of lignification
 j - a potion of attraction {unknown}
 n - a potion of resistance {unknown}
 q - a potion of curing {unknown}
 t - a potion of heal wounds {unknown}


   Skills:
 - Level 1.1 Fighting
 - Level 1.7 Dodging
 + Level 4.5 Unarmed Combat
 + Level 4.3 Shapeshifting


You had 3 spell levels left.
You didn't know any spells.
Your spell library was empty.

Dungeon Overview and Level Annotations

Branches:
Dungeon (3/15)

Altars:
Cheibriados
Ru
Yredelemnul

Portals:
Sewer: D:3

Annotations:
D:3 Sigmund


Innate Abilities, Weirdness & Mutations

You are a hulking beast.
Your limbs bulge with bestial killing power. (Slay +2)
You are flying.
Your plain brown scales are hard. (AC +5)
You cannot fit into any form of body armour.
You are cold-blooded and may be slowed by cold attacks.
Your large and strong wings let you fly.
You sometimes lose your temper in combat.
You are frail. (-10% HP)
You are strong-willed. (Will+)


Message History

Sigmund the Dreaded comes into view.
He is wielding a +1 scythe of venom.
Sigmund shouts!
Sigmund casts a spell.
Sigmund flickers and vanishes!
Deactivating autopickup; reactivate with Ctrl-A.
Found a snail-covered altar of Cheibriados.
Found a sacrificial altar of Ru.
Something hits you but does no damage.
You are poisoned.
There is an open door here.
You hit something. You tail-slap something.
You feel very sick.
You closely miss something.
You feel sick.
You hear some strange, mumbled words.
Something tries to affect you, but you resist.
You barely miss something.
You feel sick. You block something's attack.
You miss something.
Your tail-slap misses something.
You feel sick.
You miss something.
You feel sick. Something hits you.
You are more poisoned.
You barely miss something.
Your tail-slap misses something.
You feel very sick. Something hits you but does no damage.
You are more poisoned.
You miss something.
You feel very sick.
You closely miss something.
You feel very sick. Something hits you.
You are more poisoned.
You miss something.
* * * LOW HITPOINT WARNING * * *
You feel very sick.
You barely miss something. You tail-slap something.
* * * LOW HITPOINT WARNING * * *
You feel very sick.
You hear some strange, mumbled words.
You are confused.
It was a potion of mutation.
You feel extremely strange.
You feel a little pissed off.
You feel frail.
Your wings grow larger and stronger.
You feel strong-willed.
You die...

### #.#.........##.#
########.############.#
.........# #.#
########## ### #.#
###8####.# ._._. #.#
####...###.#
#.##.{.##..# #.#
#h##..## #.# #....##
#.# ######
############.#
.............#
############.# ###


There were no monsters in sight!

Vanquished Creatures
  Robin (D:2)
  3 gnolls (D:2)
  2 adders (D:2)
  2 dart slugs (D:2)
  6 ball pythons
  2 bats
  6 endoplasms
  2 giant cockroaches
  8 goblins
  8 hobgoblins
  6 jackals (D:1)
  3 kobolds
  5 quokkas
  4 frilled lizards
  4 rats
62 creatures vanquished.

Notes
Turn   | Place    | Note
-------+----------+-------------------------------------------
     0 | D:1      | BigPumpCobain the Draconian Shapeshifter began the quest
                  | for the Orb.
     0 | D:1      | Reached XP level 1. HP: 16/16 MP: 1/1
    83 | D:1      | Reached XP level 2. HP: 23/23 MP: 2/2
   291 | D:1      | Reached XP level 3. HP: 27/28 MP: 3/3
   666 | D:2      | Noticed Robin
   678 | D:2      | Killed Robin
   778 | D:2      | Found a basalt altar of Yredelemnul.
   956 | D:2      | Reached XP level 4. HP: 35/35 MP: 4/4
  1045 | D:2      | Found a faded altar of an unknown god.
  1644 | D:3      | Found a glowing drain.
  1904 | D:3      | Found a snail-covered altar of Cheibriados.
  1904 | D:3      | Noticed Sigmund
  1905 | D:3      | Found a sacrificial altar of Ru.
  1916 | D:3      | Gained mutation: You sometimes lose your temper in combat.
                  | [potion of mutation]
  1916 | D:3      | Gained mutation: You are frail. (-10% HP) [potion of
                  | mutation]
  1916 | D:3      | Gained mutation: Your large and strong wings let you fly.
                  | [potion of mutation]
  1916 | D:3      | Gained mutation: You are strong-willed. (Will+) [potion of
                  | mutation]
  1916 | D:3      | Succumbed to Sigmund's poison

Illustrated notes

Levels and vault maps discovered:
D:1:      giann_horns, layout_basic
D:2:      wander_river, layout_loops_ring, hellmonk_ecumenical_altar_blasted,
          basic_altar, minmay_pentomino_v2, uniq_robin
D:3:      layout_basic, lemuel_round_altar, gammafunk_temple_overflow_statue,
          gup_sewer_entry_glass, grunt_ministairs_9, uniq_sigmund

Skill      XL: |  1  2  3  4 |
---------------+-------------+-----
Unarmed Combat | 4 |  4.5
Shapeshifting  | 4 |  4.3
Fighting       | |  1.1
Dodging        | |  1.7

Action                     |  1- 3 |  4- 6 || total
---------------------------+-------+-------++-------
  Melee: Unarmed           |   103 |    67 ||   170
         Tailslap          |    10 |     7 ||    17
         Punch             |     3 |       ||     3
    Use: Potion            |       |     1 ||     1
 Armour: Skin              |    41 |    24 ||    65
  Dodge: Dodged            |    68 |    29 ||    97
  Block: Other             |       |    19 ||    19
         Reflection        |       |     1 ||     1

Table legend: (Time is in decaauts)
 A = Elapsed time spent in this place.
 B = Non-inter-level travel time spent in this place.
 C = Inter-level travel time spent in this place.
 D = Time resting spent in this place.
 E = Time spent auto-exploring this place.
 F = Levels seen in this place.
 G = Mean time per level.
                   A        B        C        D        E       F      G
               +--------+--------+--------+--------+--------+-----+--------+
         Total |   1926 |   1853 |     73 |      0 |   1546 |   3 |  642.0 |
       Dungeon |   1926 |   1853 |     73 |      0 |   1546 |   3 |  642.0 |
               +--------+--------+--------+--------+--------+-----+--------+

Top non-repeatable levels by time:
     D:2: 849 daAuts
     D:1: 544 daAuts
     D:3: 533 daAuts
